 Dungeon Crawl Stone Soup version 0.29.1-1-gd02db6906a (webtiles) character file.

Game seed: 10548757075795594754

7 Aibolit the Trooper (level 2, -2/27 HPs)
             Began as a Hill Orc Fighter on Oct 8, 2022.
             Frozen to death by an endoplasm (5 damage)
             ... on level 1 of the Dungeon.
             The game lasted 00:00:18 (167 turns).

Aibolit the Trooper (Hill Orc Fighter)               Turns: 167, Time: 00:00:18

Health: -2/27      AC:  6    Str: 18    XL:     2   Next: 0%
Magic:  2/2        EV:  9    Int:  8    God:
Gold:   0          SH:  4    Dex: 10    Spells: 1/1 levels left

rFire   . . .      SeeInvis .   a - +0 war axe
rCold   . . .      Faith    .   c - +0 buckler
rNeg    . . .      Spirit   .   b - +0 scale mail
rPois   .          Reflect  .   (no helmet)
rElec   .          Harm     .   (no cloak)
rCorr   .          Rampage  .   (no gloves)
Will    .....                   (no boots)
Stlth   ..........              (no amulet)
HPRegen 0.09/turn               (no ring)
MPRegen 0.08/turn               (no ring)

@: no status effects
A: no striking features
a: no special abilities


You were on level 1 of the Dungeon.
You visited 1 branch of the dungeon, and saw 1 of its levels.

Inventory:

Hand Weapons
 a - a +0 war axe (weapon)
Armour
 b - a +0 scale mail (worn)
 c - a +0 buckler (worn)
Scrolls
 e - a scroll of poison {unknown}
 f - 3 scrolls of identify {unknown}
 g - a scroll of enchant armour {unknown}
Potions
 d - a potion of might


   Skills:
 + Level 3.8 Fighting
 + Level 2.9 Axes
 + Level 3.4 Armour
 + Level 3.4 Shields


You had one spell level left.
You didn't know any spells.
Your spell library was empty.

Dungeon Overview and Level Annotations

Branches:
Dungeon (1/15)

Altars:


Message History

You see here a bat corpse.
The quokka closely misses you.
You closely miss the quokka.
The quokka is severely wounded.
You barely miss the quokka. The quokka bites you.
The quokka bites you but does no damage.
The quokka closely misses you.
You hit the quokka.
The quokka is almost dead.
You closely miss the quokka. You block the quokka's attack.
The quokka bites you but does no damage.
You block the quokka's attack.
You hit the quokka.
You kill the quokka!
You closely miss the quokka.
The quokka bites you but does no damage. x2
You block the endoplasm's attack.
The quokka bites you but does no damage.
You hit the quokka but do no damage. You hit the endoplasm but do no damage.
You barely miss the quokka.
The quokka bites you but does no damage. x2
You block the endoplasm's attack.
The quokka bites you but does no damage.
You slash the quokka!
You kill the quokka!
You hit the endoplasm but do no damage. You barely miss the quokka.
The quokka bites you but does no damage.
The endoplasm freezes you.
You are frozen.
* * * LOW HITPOINT WARNING * * *
The quokka closely misses you. You block the endoplasm's attack.
The kobold hits you with a +0 club.
* * * LOW HITPOINT WARNING * * *
You have reached level 2!
You closely miss the kobold. You hit the endoplasm but do no damage.
You closely miss the quokka. The quokka closely misses you.
You block the kobold's attack. The endoplasm freezes you.
You are frozen.
You die...

... ##..# ..# ..#. #.##
.?. #.. #.# #..##.#####
#.........#
.####.##..####.# . .....
#)rK## .# .
#....##.##@.##.# .##
#..#...# #J..#.## ..#
#..##..##.##....#### ..#
#..###...# #..#..... ..#
#........###....###.
..#####.#####......#.###
...........##..####.......
#.########.###.####..>....
..### ##...# #.......####.


You could see an endoplasm, a quokka and a kobold.

Vanquished Creatures
  A goblin (D:1)
  2 quokkas (D:1)
  2 bats (D:1)
  A frilled lizard (D:1)
  A kobold (D:1)
7 creatures vanquished.

Notes
Turn   | Place    | Note
-------+----------+-------------------------------------------
     0 | D:1      | Aibolit the Hill Orc Fighter began the quest for the Orb.
     0 | D:1      | Reached XP level 1. HP: 19/19 MP: 1/1
   167 | D:1      | Reached XP level 2. HP: 3/27 MP: 2/2
   167 | D:1      | Frozen to death by an endoplasm

Illustrated notes

Levels and vault maps discovered:
D:1:      elethiomel_arrival_infinity_welcomes_careful_drivers,
          layout_loops_ring, grunt_decor_fettered, minmay_vboxes

Action                   || total
-------------------------++-------
Melee: War axe           ||    19
Armor: Scale mail        ||    19
Dodge: Dodged            ||    17
Block: Buckler           ||    12
